 Dungeon Crawl Stone Soup version 0.20.1-1-g8b1a95d (webtiles) character file.

1326 manon the Basher (level 8, -11/46 HPs)
             Began as a Gargoyle Fighter on Sept 9, 2017.
             Was a Follower of Ashenzari.
             Killed from afar by a steam dragon (17 damage)
             ... with a ball of steam
             ... on level 6 of the Dungeon.
             The game lasted 00:21:07 (4462 turns).

manon the Basher (Gargoyle Fighter)                 Turns: 4462, Time: 00:21:08

Health: -11/46     AC: 13    Str: 21    XL:     8   Next: 60%
Magic:  8/8        EV:  8    Int: 10    God:    Ashenzari [*.....]
Gold:   227        SH: 10    Dex:  9    Spells: 5/7 levels left

rFire    . . .     SeeInvis +   a - +0 flail (curse)
rCold    . . .     Gourm    .   c - +0 shield
rNeg     + . .     Faith    .   b - +0 scale mail
rPois    ∞         Spirit   .   (no helmet)
rElec    +         Reflect  .   (no cloak)
rCorr    .         Harm     .   j - +0 pair of gloves
MR       .....                  (no boots)
Stlth    ..........             (no amulet)
Regen    0.2/turn               h - ring of see invisible
MPRegen  0.2/turn               (no ring)

@: no status effects
A: negative energy resistance 1, electricity resistance, unbreathing,
petrification resistance, rot immunity, AC +5
a: Curse Item, Scrying, Renounce Religion


You were on level 6 of the Dungeon.
You worshipped Ashenzari.
Ashenzari was aware of your devotion.
You were very hungry.

You visited 1 branch of the dungeon, and saw 6 of its levels.

You collected 227 gold pieces.

Inventory:

Hand Weapons
 a - a cursed +0 flail (weapon)
 t - a +0 great mace
Missiles
 i - 54 bolts
Armour
 b - a +0 scale mail (worn)
 c - a +0 shield (worn)
 j - a +0 pair of gloves (worn)
Jewellery
 h - a ring of see invisible (left hand)
 m - an uncursed ring of flight
Scrolls
 e - 2 scrolls of identify
 k - 2 scrolls of recharging
 l - a scroll of amnesia
 n - 2 scrolls of enchant weapon
 o - a scroll of blinking
 q - a scroll of teleportation
 r - a scroll of immolation
 u - a scroll of magic mapping
Potions
 d - a potion of magic
 w - a potion of haste {unknown}
Comestibles
 f - 4 bread rations
 g - 3 meat rations
 s - 3 fruits


   Skills:
 - Level 3.2 Fighting
 * Level 9.1 Maces & Flails
 - Level 3.2 Armour
 + Level 6.5 Shields


You had 5 spell levels left.
You knew the following spells:

 Your Spells              Type           Power        Failure   Level  Hunger
a - Blink                 Tloc           N/A          99%         2    ###....


Dungeon Overview and Level Annotations

Branches:
Dungeon (6/15)
 Temple: D:4-7

Altars:
Ashenzari
Elyvilon
Gozag
Kikubaaqudgha
Nemelex Xobeh
Qazlal
Ru
Zin
The Shining One

Shops:
D:5 :

Annotations:
D:4 Sigmund
D:5 2 transporters, 1 runed door


Innate Abilities, Weirdness & Mutations

You are resistant to torment.
Your stone body is resilient. (AC +5)
You are immune to poison.
You resist negative energy. (rN+)
You are resistant to electric shocks. (rElec)
You can survive without breathing.
You are immune to petrification.
You are immune to rotting.


Message History

The steam dragon is severely wounded.
The steam dragon bites you but does no damage.
The steam dragon barely misses you.
You barely miss the steam dragon.
The steam dragon is severely wounded.
The steam dragon barely misses you. The steam dragon closely misses you.
You hit the steam dragon.
The steam dragon is almost dead.
The steam dragon barely misses you.
The steam dragon claws you but does no damage.
You closely miss the steam dragon.
The steam dragon is almost dead.
The steam dragon bites you.
* * * LOW HITPOINT WARNING * * *
The steam dragon barely misses you.
Your shield prevents you from hitting the steam dragon.
The steam dragon is almost dead.
The steam dragon breathes steam at you. The ball of steam hits you!
You die...

#######.#
##.#.#.#.#.#.#.#
#.......#
##...#.⌠.#.⌠.##
#.#######
######.#.#.## #.#
#### #######
#.###### #...##
#.##... .....#
#.##.##### ....##
#........###D....##
####.......@...>..>
#...........####
#############


You could see a steam dragon.

Vanquished Creatures
  The ghost of Frank the Covert, a novice OpMo (D:6)
  The ghost of manon the Cudgeler, an amateur GrFi (D:4)
  A phantom (D:6)
  A scorpion (D:5)
  2 vampire bats (D:6)
  A howler monkey (D:4)
  A centaur zombie (D:5)
  A hound (D:6)
  A gnoll shaman (D:5)
  3 orc priests
  A centaur skeleton (D:5)
  An orc wizard (D:3)
  An iguana (D:6)
  3 worker ants
  A killer bee zombie (D:5)
  2 hound zombies (D:5)
  A gnoll (D:4)
  5 adders
  An ooze (D:2)
  A worm (D:5)
  2 dart slugs
  13 orcs
  2 ball pythons
  3 bat skeletons (D:6)
  2 bat zombies (D:6)
  3 giant cockroaches
  4 goblins
  4 hobgoblins
  4 jackals
  5 bats
  5 frilled lizards
  4 kobolds
  4 rats
85 creatures vanquished.

Notes
Turn   | Place    | Note
-------+----------+-------------------------------------------
     0 | D:1      | manon the Gargoyle Fighter began the quest for the Orb.
     0 | D:1      | Reached XP level 1. HP: 14/14 MP: 1/1
   329 | D:1      | Reached XP level 2. HP: 19/19 MP: 2/2
   577 | D:1      | Reached skill level 3 in Maces & Flails
   786 | D:2      | Reached XP level 3. HP: 22/23 MP: 3/3
   954 | D:2      | Found a glowing golden altar of the Shining One.
  1005 | D:2      | Found a white marble altar of Elyvilon.
  1209 | D:2      | Found a shattered altar of Ashenzari.
  1227 | D:2      | Became a worshipper of Ashenzari the Shackled
  1259 | D:2      | Reached skill level 4 in Maces & Flails
  1388 | D:2      | Reached XP level 4. HP: 21/28 MP: 4/4
  2144 | D:3      | Reached skill level 5 in Maces & Flails
  2144 | D:3      | Reached XP level 5. HP: 32/32 MP: 5/5
  2458 | D:4      | Noticed manon's ghost (amateur GrFi)
  2479 | D:4      | Killed manon's ghost
  2479 | D:4      | Reached skill level 6 in Maces & Flails
  2479 | D:4      | Reached XP level 6. HP: 37/37 MP: 6/6
  2500 | D:4      | Found a stormy altar of Qazlal.
  2603 | D:4      | Noticed Sigmund
  2622 | D:5      | Entered Level 5 of the Dungeon
  2656 | D:5      | Reached XP level 7. HP: 39/41 MP: 7/7
  2760 | D:5      | Reached * piety under Ashenzari
  2829 | D:5      | HP: 1/41 [killer bee zombie (2)]
  2910 | D:5      | Reached skill level 7 in Maces & Flails
  3155 | D:5      | Found a transporter.
  3254 | D:5      | Learned a level 2 spell: Blink
  3315 | D:5      | Found a runed door.
  3394 | D:5      | Found a transporter.
  3395 | D:5      | Reached skill level 5 in Shields
  3530 | D:5      | Found Inuriroan's Book Boutique.
  3631 | D:6      | Found a sacrificial altar of Ru.
  3632 | D:6      | Found an opulent altar of Gozag.
  3635 | D:6      | Found a sparkling altar of Nemelex Xobeh.
  4013 | D:6      | Reached skill level 8 in Maces & Flails
  4013 | D:6      | Reached XP level 8. HP: 31/46 MP: 8/8
  4044 | D:6      | Found a glowing silver altar of Zin.
  4103 | D:6      | Noticed Frank's ghost (novice OpMo)
  4126 | D:6      | Killed Frank's ghost
  4376 | D:6      | Found an ancient bone altar of Kikubaaqudgha.
  4391 | D:6      | Reached skill level 9 in Maces & Flails
  4462 | D:6      | Killed from afar by a steam dragon

Skill      XL: |  1  2  3  4  5  6  7  8 |
---------------+-------------------------+-----
Maces & Flails | 3 4 5 6 8 9 |  9.1
Shields        | 4 5 6 |  6.5
Fighting       | |  3.2
Armour         | |  3.2

Action                   |  1- 3 |  4- 6 |  7- 9 || total
-------------------------+-------+-------+-------++-------
Melee: Flail             |    84 |   134 |   200 ||   418
Invok: Curse Item        |       |       |     1 ||     1
  Use: Potion            |       |     3 |     3 ||     6
       Scroll            |       |     2 |    10 ||    12
  Eat: Chunk             |     1 |     5 |     1 ||     7
       Fruit             |       |       |     4 ||     4
Armor: Scale mail        |    47 |    62 |   148 ||   257
Dodge: Dodged            |    24 |    29 |    92 ||   145
Block: Shield            |    54 |    72 |   143 ||   269
